 Dungeon Crawl Stone Soup version 0.27-a0-522-g46bbb28828 (webtiles) character file.

Game seed: 1273007786758463717

30289 Azuregosa the Basher (level 13, -1/123 HPs)
             Began as a Deep Dwarf Delver on Mar 5, 2021.
             Was a Follower of Elyvilon.
             Slain by a large slime creature (9 damage)
             ... on level 12 of the Dungeon.
             The game lasted 01:52:41 (14061 turns).

Azuregosa the Basher (Deep Dwarf Delver)           Turns: 14061, Time: 01:52:41

Health: -1/123     AC: 23    Str: 20    XL:     13   Next: 19%
Magic:  6/16       EV:  7    Int: 12    God:    Elyvilon [*.....]
Gold:   1223       SH:  0    Dex: 14    Spells: 12/12 levels left

rFire    . . .     SeeInvis .   M - +4 great mace (vorpal)
rCold    . . .     Faith    +   (shield currently unavailable)
rNeg     + . .     Spirit   .   G - +2 plate armour
rPois    .         Reflect  .   T - +0 helmet
rElec    .         Harm     .   K - +2 cloak
rCorr    +         Rampage  .   (no gloves)
Will     +....                  S - +1 pair of boots
Stlth    ..........             t - amulet of faith
HPRegen  0.00/turn              L - ring of resist corrosion
MPRegen  0.15/turn              C - ring of positive energy

@: about to teleport, non-regenerating
A: damage resistance, heal wounds, sense surroundings 2, no regeneration
a: Heal Wounds, Renounce Religion, Lesser Healing, Divine Protection


You were on level 12 of the Dungeon.
You worshipped Elyvilon.
Elyvilon was aware of your devotion.
You visited 3 branches of the dungeon, and saw 16 of its levels.
You also visited: Sewer.

You collected 1635 gold pieces.
You spent 412 gold pieces at shops.

Inventory:

Hand Weapons
 h - a +3 broad axe of electrocution
 w - a +4 hand axe of electrocution
 B - a +1 hand axe of flaming
 D - a +0 vorpal morningstar
 H - the +2 mace "Goblin's Undoing" {distort, Str+3 Stlth+}
   (You found it on level 6 of the Dungeon)

   It warps and distorts space around it.
   Unwielding it can cause banishment or high damage.
   It affects your strength (+3).
   It makes you more stealthy.
 M - a +4 vorpal great mace (weapon)
Missiles
 p - 38 poisoned darts
Armour
 F - a +0 robe of resistance
 G - a +2 plate armour (worn)
 K - a +2 cloak (worn)
 S - a +1 pair of boots (worn)
 T - a +0 helmet (worn)
 W - a +1 scale mail of willpower
 Z - +0 acid dragon scales
Magical Staves
 O - a staff of fire
Jewellery
 a - a ring of positive energy
 i - a ring of fire
 t - an amulet of faith (around neck)
 v - a ring of flight
 C - a ring of positive energy (right hand)
 L - a ring of resist corrosion (left hand)
 P - a ring of ice
Wands
 f - a wand of digging (1)
 g - a wand of flame (53)
 j - a wand of polymorph (1)
 A - a wand of paralysis (4)
 J - a wand of random effects (6)
 R - a wand of iceblast (11)
 U - a wand of acid (10)
Scrolls
 b - 2 scrolls of fog
 c - 3 scrolls of magic mapping
 d - 2 scrolls of fear
 q - a scroll of blinking {unknown}
 s - 2 scrolls of immolation
 u - 8 scrolls of teleportation
 y - 2 scrolls of noise
 E - a scroll of summoning {unknown}
 N - 3 scrolls of amnesia {unknown}
 Q - a scroll of enchant weapon {unknown}
Potions
 e - a potion of haste
 k - 2 potions of might
 l - a potion of heal wounds
 m - 6 potions of flight
 n - 5 potions of curing
 o - a potion of brilliance
 r - 7 potions of lignification
 x - a potion of ambrosia
 z - 2 potions of berserk rage
 I - a potion of magic {unknown}
 V - a potion of invisibility {unknown}


   Skills:
 - Level 10.1 Fighting
 - Level 10.3(13.2) Axes
 - Level 12.6(13.7) Maces & Flails
 - Level 9.1 Armour
 - Level 2.1 Dodging
 - Level 7.3 Stealth
 - Level 1.7 Unarmed Combat
 * Level 4.6 Invocations
 - Level 10.0 Evocations


You had 12 spell levels left.
You didn't know any spells.
Your spell library was empty.

Dungeon Overview and Level Annotations

Branches:
Dungeon (13/15)            Temple (0/1) D:5            Lair (1/6) D:8
    Orc (2/2) D:12          Sewer (visited)
    Elf: Orc:2       Vaults: D:13-14

Altars:
Elyvilon
Gozag
Kikubaaqudgha
Nemelex Xobeh
Qazlal
Yredelemnul

Shops:
D:7 (

Annotations:
D:6 Blork the orc


Innate Abilities, Weirdness & Mutations

You are resistant to damage.
You can heal yourself by infusing magical energy.
You passively map the area around you.
You do not regenerate.


Message History

You climb upwards.
There is a stone staircase leading down, spattered with blood here.
You sock the very large slime creature!
The very large slime creature is lightly wounded.
The orc wizard hits you but does no damage.
A very large slime creature splits.
You bludgeon the slime creature!!
The slime creature is heavily wounded.
The orc wizard casts a spell at itself.
The orc wizard flickers and vanishes!
Deactivating autopickup; reactivate with Ctrl-A.
The large slime creature hits you!
The slime creature hits you but does no damage.
You sock the slime creature!
The slime creature is severely wounded.
Something hits you but does no damage. The large slime creature hits you!
The slime creature hits you but does no damage.
You barely miss the slime creature.
The slime creature is severely wounded.
Something hits you but does no damage. The large slime creature hits you!!
The slime creature jiggles.
The slime creature hits you!
* * * LOW HITPOINT WARNING * * *
You sock the slime creature!
The slime creature is almost dead.
You hear some strange, mumbled words.
A magic dart appears from out of thin air!
The magic dart hits you but does no damage.
The large slime creature hits you but does no damage.
The slime creature barely misses you.
As you read the scroll of teleportation, it crumbles to dust.
You feel strangely unstable. Something hits you but does no damage.
The large slime creature hits you!!
* * * LOW HITPOINT WARNING * * *
The slime creature hits you.
* * * LOW HITPOINT WARNING * * *
You bludgeon the slime creature!!
You kill the slime creature!
Something hits you but does no damage. The large slime creature hits you!
You die...

.#.# #^.# #.#
..## #### #.#
...# #.# .#.# #.#
##.# #.# ##.# #.#
#.## #.# .#.####
###{# .#.#..##
#..@# ##..#..#
#.#J# ..####.#
#...# #.# #)#
##.## ######)#
#.# ####.#.# #.#
..))...########.#
..............^.#
####.############


You could see a large slime creature.

Vanquished Creatures
  Fannar (D:9)
  Harold (D:11)
  2 boulder beetles (D:12)
  A catoblepas (D:12)
  3 two-headed ogres (D:12)
  Urug (D:12)
  2 unseen horrors
  5 orc knights
  2 orc sorcerers
  2 ugly things
  2 cyclopes
  4 centaur zombies (D:8)
  Maggie (D:6)
  4 centaur skeletons
  Psyche (D:10)
  A tengu conjurer (D:13)
  2 hellwings (D:7)
  8 trolls
  4 slime creatures
  A blink frog (Lair:1)
  A wraith (D:11)
  6 yaks (D:11)
  Eustachio (D:6)
  A vampire (D:12)
  3 wyverns
  The ghost of Anon1729 the Grasshopper, an amateur FoWr (D:4)
  A soldier ant (D:10)
  An acid dragon (D:11)
  13 wargs
  26 orc warriors
  4 ice beasts
  2 sky beasts
  A black bear (D:10)
  2 eyes of draining
  10 centaurs
  12 ogres
  4 phantoms
  2 kobold brigands
  5 bullfrogs
  2 wyvern zombies (D:8)
  A wyvern skeleton (D:11)
  2 scorpions
  A water moccasin skeleton (D:9)
  16 killer bees
  3 wights (D:9)
  3 howler monkeys
  2 bullfrog zombies (D:12)
  A quasit (D:8)
  7 hounds
  4 jellies
  A bullfrog skeleton (D:4)
  A gnoll shaman (D:5)
  19 orc priests
  Crazy Yiuf (D:6)
  An iguana (D:6)
  26 orc wizards
  6 worker ants
  2 hound skeletons
  7 adders
  5 gnolls
  A howler monkey skeleton (D:4)
  6 shadow imps
  4 white imps
  An ufetubus (D:7)
  2 oozes
  An adder skeleton (D:5)
  2 adder zombies
  4 worms
  2 dart slugs
  6 leopard geckos
  99 orcs
  8 ball pythons
  4 giant cockroaches
  6 goblins
  12 hobgoblins
  10 jackals
  27 kobolds
  3 quokkas
  12 bats
  6 frilled lizards
  6 rats
477 creatures vanquished.

Vanquished Creatures (others)
  6 plants
  14 withered plants (D:8)
20 creatures vanquished.

Grand Total: 497 creatures vanquished

Notes
Turn   | Place    | Note
-------+----------+-------------------------------------------
     0 | D:5      | Azuregosa the Deep Dwarf Delver began the quest for the
                  | Orb.
     0 | D:5      | Reached XP level 1. HP: 20/20 MP: 1/1
    94 | D:4      | Noticed a hound
   112 | D:3      | Found a glowing drain.
   125 | D:3      | Reached XP level 2. HP: 27/27 MP: 2/2
   146 | Sewer    | Entered a sewer
   227 | Sewer    | Reached skill level 1 in Axes
   343 | Sewer    | Reached XP level 3. HP: 29/34 MP: 3/3
  1200 | D:1      | Reached XP level 4. HP: 21/42 MP: 4/4
  2680 | D:4      | Found a white marble altar of Elyvilon.
  2688 | D:4      | Became a worshipper of Elyvilon the Healer
  2808 | D:4      | Found a runed translucent gate.
  2808 | D:4      | Found a runed translucent gate.
  2808 | D:4      | Found an opulent altar of Gozag.
  2808 | D:4      | Found a runed translucent gate.
  2810 | D:4      | Noticed Anon1729's ghost (amateur FoWr)
  2810 | D:4      | Noticed an ogre
  2817 | D:4      | Killed an ogre
  2818 | D:4      | Reached XP level 5. HP: 21/49 MP: 5/5
  2824 | D:4      | Killed Anon1729's ghost
  2825 | D:4      | Reached skill level 5 in Axes
  2825 | D:4      | Reached XP level 6. HP: 57/57 MP: 6/6
  3006 | D:4      | Reached * piety under Elyvilon
  3551 | D:3      | Reached XP level 7. HP: 46/64 MP: 7/7
  4099 | D:5      | Reached skill level 1 in Evocations
  4104 | D:5      | Reached ** piety under Elyvilon
  4119 | D:5      | Found a staircase to the Ecumenical Temple.
  4541 | D:5      | Reached skill level 1 in Armour
  4687 | D:5      | Reached *** piety under Elyvilon
  5256 | D:7      | Reached XP level 8. HP: 54/72 MP: 8/8
  5383 | D:6      | Noticed Eustachio
  5393 | D:6      | Killed Eustachio
  5619 | D:6      | Identified the +2 mace "Goblin's Undoing" {distort, Str+3
                  | Stlth+}
  5621 | D:6      | Found a runed translucent door.
  5622 | D:6      | Found the +5 demon whip "Spellbinder" {antimagic, Will+}
  5622 | D:6      | Noticed Crazy Yiuf
  5630 | D:6      | Killed Crazy Yiuf
  5721 | D:6      | Found a sparkling altar of Nemelex Xobeh.
  5935 | D:6      | Noticed Maggie
  5936 | D:6      | Noticed Blork the orc
  5943 | D:6      | Killed Maggie
  5944 | D:6      | Reached skill level 10 in Axes
  5944 | D:6      | Gained mutation: You passively map the area around you.
                  | [Deep Dwarf growth]
  5944 | D:6      | Reached XP level 9. HP: 16/78 MP: 9/9
  6085 | D:7      | Found Onillixa's Weapon Emporium.
  6103 | D:7      | Bought a +4 vorpal great mace for 412 gold pieces
  6429 | D:7      | Found a stormy altar of Qazlal.
  6429 | D:7      | Found a basalt altar of Yredelemnul.
  6526 | D:7      | Reached skill level 1 in Maces & Flails
  6526 | D:7      | Reached skill level 5 in Armour
  6557 | D:8      | Noticed a hellwing
  6558 | D:8      | Noticed a hellwing
  6591 | D:8      | Found a staircase to the Lair.
  6711 | D:7      | Killed a hellwing
  6712 | D:7      | Reached skill level 2 in Maces & Flails
  6780 | D:7      | Killed a hellwing
  6891 | D:7      | Reached skill level 5 in Evocations
  6965 | D:8      | Reached skill level 3 in Maces & Flails
  7016 | D:8      | Reached skill level 5 in Fighting
  7027 | D:8      | Reached skill level 4 in Maces & Flails
  7081 | D:8      | Reached XP level 10. HP: 48/88 MP: 10/10
  7241 | D:8      | Reached skill level 5 in Maces & Flails
  7374 | D:8      | Found an ancient bone altar of Kikubaaqudgha.
  7468 | D:8      | Reached skill level 6 in Maces & Flails
  7748 | D:10     | Entered Level 10 of the Dungeon
  8016 | D:10     | Noticed Fannar
  8047 | D:9      | Killed Fannar
  8048 | D:9      | Reached skill level 7 in Maces & Flails
  8374 | D:10     | Reached skill level 8 in Maces & Flails
  8466 | Lair:1   | Entered Level 1 of the Lair of Beasts
  8498 | Lair:1   | Reached XP level 11. HP: 60/98 MP: 11/11
  8740 | D:10     | Killed an unseen horror
  8998 | D:10     | Reached skill level 9 in Maces & Flails
  9124 | D:10     | Noticed Psyche
  9133 | D:10     | Paralysed by Psyche for 5 turns
  9139 | D:10     | Killed Psyche
  9606 | D:12     | Killed an unseen horror
  9755 | D:11     | Noticed Harold
  9762 | D:11     | Killed Harold
  9866 | D:11     | Noticed a white ugly thing
  9872 | D:11     | Killed a white ugly thing
 10012 | D:11     | Reached **** piety under Elyvilon
 10016 | D:11     | Identified the +1 ring mail of Cowardice {Rampage rCorr
                  | SInv}
 10068 | D:11     | Reached skill level 10 in Maces & Flails
 10685 | D:12     | Noticed a green ugly thing
 10691 | D:12     | Killed a green ugly thing
 10815 | D:12     | Reached XP level 12. HP: 77/112 MP: 3/12
 10838 | D:12     | Noticed a two-headed ogre
 10841 | D:12     | Killed a two-headed ogre
 10862 | D:12     | Found a staircase to the Orcish Mines.
 10888 | Orc:1    | Entered Level 1 of the Orcish Mines
 11057 | D:12     | Noticed a two-headed ogre
 11064 | D:12     | Killed a two-headed ogre
 11293 | D:12     | Noticed a boulder beetle
 11307 | D:12     | Killed a boulder beetle
 11611 | D:12     | Noticed a boulder beetle
 11620 | D:12     | Killed a boulder beetle
 11770 | D:12     | Noticed Urug
 11793 | D:12     | Killed Urug
 11794 | D:12     | Reached skill level 11 in Maces & Flails
 12115 | Orc:1    | Noticed a two-headed ogre
 12167 | D:12     | Killed a two-headed ogre
 12658 | Orc:2    | Entered Level 2 of the Orcish Mines
 12668 | Orc:2    | Paralysed by an orc sorcerer for 3 turns
 12732 | Orc:2    | Reached skill level 12 in Maces & Flails
 12737 | Orc:2    | Noticed an orc warlord
 13367 | Orc:1    | Reached XP level 13. HP: 96/123 MP: 5/13
 13375 | Orc:1    | Reached skill level 10 in Fighting
 13413 | Orc:2    | Reached skill level 10 in Evocations
 13799 | D:13     | Reached skill level 1 in Invocations
 14061 | D:12     | Slain by a large slime creature

Illustrated notes

Levels and vault maps discovered:
D:1:      dpeg_arrival_signposts, layout_basic, chequers_serial_rivers_micro_d,
          roderic_roman_lattice
D:2:      layout_basic
D:3:      layout_loops_ring, cheibrodos_sewer_entry_drain
D:4:      layout_cave_pods, elyvilon_altar_4,
          lightli_ossuary_entry_decrepit_ruins, ebering_ghost_gozag
D:5:      layout_basic, minmay_temple_entry_hall,
          hangedman_decor_clover_reticule
D:6:      layout_rooms, nicolae_overflow_crystal_walls, minivault_22,
          interstate_on_off, nrook_uturn, chequers_hall_statues_wall_a, tgw_sif,
          uniq_maggie, uniq_eustachio, uniq_crazy_yiuf_cottage
D:7:      layout_gridville, gammafunk_temple_overflow_wave, serial_shops, shop
D:8:      cheibrodos_grave_circle, layout_rooms, erik_lair_orcish_takeover,
          basic_altar
D:9:      layout_long_grid
D:10:     minmay_general_purpose_star, layout_cave_pools,
          kennysheep_generic_room_15, uniq_fannar, uniq_psyche
D:11:     layout_irregular_city, serial_column_ruins, column_ruins_hut,
          column_ruins_grid_3, column_ruins_columns_straight,
          column_ruins_grid_3, column_ruins_grid_1, uniq_harold
D:12:     layout_loops_ring, erik_orc_3, grunt_ministairs_11, uniq_urug
D:13:     layout_rooms, worms_lemuel
Lair:1:   layout_roguey, minivault_25
Orc:1:    layout_caves
Orc:2:    st_orc_town, layout_caves, basic_altar

Skill      XL: |  1  2  3  4  5  6  7  8  9 10 11 12 13 |
---------------+----------------------------------------+-----
Axes           | 1 2 4 5 6 8 10 | 10.3
Fighting       | 3 4 5 6 8 9 10 | 10.1
Stealth        | 7 |  7.3
Evocations     | 2 4 5 7 8 9 10 | 10.0
Armour         | 2 4 6 7 8 9 |  9.1
Maces & Flails | 4 8 10 12 | 12.6
Invocations    | 4 |  4.6
Dodging        | |  2.1
Unarmed Combat | |  1.7

Action                   |  1- 3 |  4- 6 |  7- 9 | 10-12 | 13-15 || total
-------------------------+-------+-------+-------+-------+-------++-------
Melee: Broad axe         |    94 |    97 |   214 |    39 |       ||   444
       Punch             |       |     2 |     2 |       |       ||     4
       Great mace        |       |       |   158 |   707 |   100 ||   965
       Hand axe          |       |       |       |    16 |       ||    16
       Unarmed           |       |       |       |    15 |       ||    15
Invok: Lesser Healing    |       |       |    74 |   212 |    69 ||   355
       Purification      |       |       |     3 |     6 |       ||     9
       Divine Protection |       |       |     1 |       |       ||     1
       Greater Healing   |       |       |       |     1 |       ||     1
Evoke: Wand              |       |       |     5 |    25 |       ||    30
  Use: Potion            |       |     4 |     1 |     1 |     1 ||     7
       Scroll            |       |       |    10 |     5 |     1 ||    16
 Stab: Sleeping          |     9 |    11 |     3 |       |       ||    23
       Distracted        |       |       |     1 |       |       ||     1
       Paralysed         |       |       |     6 |     8 |       ||    14
Armor: Leather armour    |    26 |    31 |     8 |       |       ||    65
       Chain mail        |       |       |    81 |       |       ||    81
       Plate armour      |       |       |   275 |   673 |    95 ||  1043
Dodge: Dodged            |    71 |    56 |   168 |   309 |    32 ||   636

Table legend: (Time is in decaauts)
 A = Elapsed time spent in this place.
 B = Non-inter-level travel time spent in this place.
 C = Inter-level travel time spent in this place.
 D = Time resting spent in this place.
 E = Time spent auto-exploring this place.
 F = Levels seen in this place.
 G = Mean time per level.
                   A        B        C        D        E       F      G
               +--------+--------+--------+--------+--------+-----+--------+
         Total |  14432 |  14039 |    393 |    500 |   7962 |  17 |  848.9 |
       Dungeon |  12678 |  12285 |    393 |    500 |   7392 |  13 |  975.2 |
          Lair |     78 |     78 |      0 |      0 |     27 |   1 |   78.0 |
  Orcish Mines |   1330 |   1330 |      0 |      0 |    543 |   2 |  665.0 |
         Sewer |    345 |    345 |      0 |      0 |      0 |   1 |  345.0 |
               +--------+--------+--------+--------+--------+-----+--------+

Top non-repeatable levels by time:
    D:12: 1971 daAuts
     D:1: 1293 daAuts
     D:5: 1217 daAuts
    D:11: 1190 daAuts
     D:7: 1187 daAuts
   Orc:1: 1034 daAuts
     D:2: 927 daAuts
     D:8: 919 daAuts
     D:4: 839 daAuts
     D:9: 829 daAuts
    D:10: 817 daAuts
     D:3: 697 daAuts
     D:6: 635 daAuts
   Sewer: 345 daAuts
   Orc:2: 295 daAuts
